 Dungeon Crawl Stone Soup version 0.28-a0-969-g2dcde036d2 (webtiles) character file.

Game seed: 14190826279657796116

66 HessuHobo the Ducker (level 3, 10/36 HPs)
             Began as a Troll Fighter on Dec 1, 2021.
             Quit the game on level 2 of the Dungeon.
             The game lasted 00:02:55 (885 turns).

HessuHobo the Ducker (Troll Fighter)                 Turns: 885, Time: 00:02:55

Health: 10/36      AC:  4    Str: 26    XL:     3   Next: 96%
Magic:  2/2        EV:  8    Int: 10    God:
Gold:   66         SH:  0    Dex:  9    Spells: 2/2 levels left

rFire   . . .      SeeInvis .     - Unarmed
rCold   . . .      Faith    .   b - +0 kite shield
rNeg    . . .      Spirit   .   a - +0 robe
rPois   .          Reflect  .   (helmet restricted)
rElec   .          Harm     .   (no cloak)
rCorr   .          Rampage  .   (gloves unavailable)
Will    .....                   (boots unavailable)
Stlth   +.........              (no amulet)
HPRegen 0.92/turn               d - +6 ring of intelligence
MPRegen 0.08/turn               (no ring)

@: confused, lethally poisoned (10 -> 0), ambrosia-drunk
A: large, unfitting armour, claws 3, regeneration 1, shaggy fur 1, tough skin 1
a: no special abilities


You were on level 2 of the Dungeon.
You visited 1 branch of the dungeon, and saw 2 of its levels.

You collected 66 gold pieces.

Inventory:

Missiles
 f - 4 curare-tipped darts
 g - 29 stones (quivered)
Armour
 a - a +0 robe (worn)
 b - a +0 kite shield (worn)
Jewellery
 d - a +6 ring of intelligence (left claw)
Scrolls
 e - a scroll of amnesia {unknown}
 h - 4 scrolls of identify {unknown}
Potions
 c - a potion of might


   Skills:
 + Level 2.9 Fighting
 + Level 1.1 Throwing
 + Level 2.9 Dodging
 - Level 2.4 Shields
 + Level 2.8 Unarmed Combat


You had 2 spell levels left.
You didn't know any spells.
Your spell library contained the following spells:

 Spells                   Type           Power      Damage    Failure   Level
 Magic Dart               Conj           0%         1d3       83%         1
 Searing Ray              Conj           0%         2d4       93%         2
 Fulminant Prism          Conj/Hex       0%         3d6       100%        4


Dungeon Overview and Level Annotations

Branches:
Dungeon (2/15)

Altars:


Innate Abilities, Weirdness & Mutations

You are too large for most types of armour.
You have claws for hands.
Your natural rate of healing is unusually fast.
You are covered in fur. (AC +1)
You have tough skin. (AC +1)


Message History

The hobgoblin barely misses you. You block the adder's attack.
A bat comes into view.
You block the hobgoblin's attack.
You claw the adder!
You kill the adder!
You block the goblin's attack. The hobgoblin closely misses you.
Items here: ! $ ( ) †.
The goblin barely misses you.
You see here a stone.
You scratch the goblin but do no damage.
The kobold hits you with a +3 short sword of venom.
You are poisoned.
You block the goblin's attack.
You scratch the goblin.
The goblin is moderately wounded.
You feel very sick.
The kobold hits you with a +3 short sword of venom.
You are more poisoned.
The goblin hits you but does no damage.
You scratch the goblin.
You kill the goblin!
You feel very sick. The bat closely misses you. You block the kobold's attack.
The kobold hits you with a +3 short sword of venom.
You are lethally poisoned!
You feel very sick.
The kobold throws a stone.
You block the stone.
You are too injured to fight recklessly!
It was a potion of ambrosia.
You are confused.
You feel invigorated.
You feel very sick. The hobgoblin hits you.
* * * LOW HITPOINT WARNING * * *
Unknown command.
Okay, then.
Are you sure you want to abandon this character and quit the game? (Confirm with "yes".)
Okay, then.
Unknown command.
Are you sure you want to abandon this character and quit the game? (Confirm with "yes".)

....## #.. .## ..# . ..
## .. ###. .# # ..#
...#. .#...# #########
#.l##......
##...#...####b.†......
##.........##g)b.(..(..
#.........†.@K###....!.
#...........### .....
#...........# b..#
##.........## #$.
##.......## # ##...####
####.### #####....#####
...............#


You could see a hobgoblin, 2 bats, a kobold and a frilled lizard.

Vanquished Creatures
  2 adders (D:2)
  A dart slug (D:2)
  3 bats (D:1)
  8 endoplasms
  3 giant cockroaches
  3 goblins
  3 hobgoblins (D:1)
  3 jackals (D:1)
  A quokka (D:2)
  7 ball pythons
  4 frilled lizards
  4 kobolds
42 creatures vanquished.

Notes
Turn   | Place    | Note
-------+----------+-------------------------------------------
     0 | D:1      | HessuHobo the Troll Fighter began the quest for the Orb.
     0 | D:1      | Reached XP level 1. HP: 22/22 MP: 0/0
   107 | D:1      | Reached XP level 2. HP: 29/29 MP: 1/1
   612 | D:2      | Reached XP level 3. HP: 36/36 MP: 2/2
   873 | D:2      | Reached skill level 1 in Throwing
   885 | D:2      | Quit the game

Illustrated notes

Levels and vault maps discovered:
D:1:      lemuel_arrival_room, layout_rooms, hangedman_decor_points,
          chequers_arboretum, chequers_hall_statues_corner_a,
          minmay_tree_intersection
D:2:      layout_rooms, grunt_ministairs_10

Skill      XL: |  1  2  3 |
---------------+----------+-----
Throwing       | 1 |  1.1
Fighting       | |  2.9
Dodging        | |  2.9
Shields        | |  2.4
Unarmed Combat | |  2.8

Action                   || total
-------------------------++-------
Melee: Unarmed           ||   101
Throw: Stone             ||    20
  Use: Potion            ||     1
Armor: Robe              ||    43
Dodge: Dodged            ||    34
Block: Kite shield       ||    46

Table legend: (Time is in decaauts)
 A = Elapsed time spent in this place.
 B = Non-inter-level travel time spent in this place.
 C = Inter-level travel time spent in this place.
 D = Time resting spent in this place.
 E = Time spent auto-exploring this place.
 F = Levels seen in this place.
 G = Mean time per level.
                   A        B        C        D        E       F      G
               +--------+--------+--------+--------+--------+-----+--------+
         Total |    908 |    908 |      0 |    138 |    494 |   2 |  454.0 |
       Dungeon |    908 |    908 |      0 |    138 |    494 |   2 |  454.0 |
               +--------+--------+--------+--------+--------+-----+--------+

Top non-repeatable levels by time:
     D:1: 582 daAuts
     D:2: 325 daAuts
